Map: Abyssal Reef LE

Players

David (iPlayDefense)

  • Race: Terran Terran
  • Spawn Location: 11:00

VOD

Have the link to the VOD?

Description

Time

  • Played on: April 10, 2025, 3:25 p.m.
  • Length: 8:47
Show
View Real Time Build Order
Export as new Build Order

David Terran 

Build Orders:  

Get SALT Encoding   

  12  0:01  SCV  
  13  0:26  Supply Depot  
  13  0:27  SCV  
  14  0:48  Refinery  
  14  1:02  Barracks  
  14  1:03  SCV  
  15  1:20  SCV  
  16  1:38  SCV  
  17  2:11  Barracks Reactor  
  17  2:13  Command Center  
  17  2:28  Orbital Command  
  17  2:51  Factory  
  17  3:08  Marine x2  
  19  3:14  SCV  
  20  3:31  SCV  
  20  3:33  Marine x2  
  23  3:53  SCV  
  24  4:04  Barracks  
  24  4:10  SCV  
  25  4:23  Barracks  
  25  4:31  SCV  
  25  4:32  SCV  
  25  4:39  Factory Tech Lab  
  27  4:48  SCV  
  27  4:49  SCV  
  29  4:54  Marine x2  
  31  5:05  SCV x2  
  33  5:13  Barracks Tech Lab  
  33  5:19  Marine x2  
  35  5:22  Supply Depot  
  35  5:31  SCV x2  
  35  5:37  Barracks Tech Lab  
  35  5:38  Stimpack  
  37  5:48  SCV  
  38  5:52  SCV  
  38  5:53  Starport  
  39  6:04  SCV  
  39  6:06  Unknown  
  39  6:08  SCV  
  41  6:17  Marauder  
  43  6:21  SCV, Marine x2  
  46  6:46  Supply Depot  
  46  6:54  Starport Tech Lab  
  46  7:03  Refinery  
  46  7:16  SCV x2, Marine x2  
  46  7:18  Supply Depot  
  50  7:31  Siege Tank  
  50  7:33  SCV  
  54  7:48  SCV, Marine x2  
  57  7:53  Supply Depot  
  57  7:58  Refinery  
  57  8:05  SCV  
  58  8:10  Orbital Command  
  58  8:13  Marine  
  59  8:22  SCV  
  59  8:26  Engineering Bay  
  60  8:31  Refinery  
Tags
 
Matchup
Co-op
Replay Pack
DaveSC2
Add a new tag
Caveats
  • Supply blocks, unpowered buildings, or Contaminate may cause inaccurate times.
  • Supply counts are checked every 10 seconds.